 Dungeon Crawl Stone Soup version 0.28-a0-124-g73ec313a74 (webtiles) character file.

Game seed: 8068444407921083280

31 voltaire321 the Chopper (level 3, -1/30 HPs)
             Began as a Minotaur Gladiator on Aug 14, 2021.
             Slain by a gnoll (7 damage)
             ... on level 2 of the Dungeon.
             The game lasted 00:01:52 (719 turns).

voltaire321 the Chopper (Minotaur Gladiator)         Turns: 719, Time: 00:01:52

Health: -1/30      AC:  4    Str: 19    XL:     3   Next: 7%
Magic:  2/2        EV: 12    Int:  5    God:
Gold:   0          SH:  0    Dex: 11    Spells: 2/2 levels left

rFire   . . .      SeeInvis .   a - +0 war axe
rCold   . . .      Faith    .   (no shield)
rNeg    . . .      Spirit   .   b - +0 leather armour
rPois   .          Reflect  .   c - +0 hat
rElec   .          Harm     .   e - +0 cloak
rCorr   .          Rampage  .   (no gloves)
Will    .....                   (no boots)
Stlth   +.........              (no amulet)
HPRegen 0.10/turn               (no ring)
MPRegen 0.08/turn               (no ring)

@: no status effects
A: horns 2, retaliatory headbutt
a: no special abilities


You were on level 2 of the Dungeon.
You visited 1 branch of the dungeon, and saw 2 of its levels.

Inventory:

Hand Weapons
 a - a +0 war axe (weapon)
Missiles
 d - 3 throwing nets (quivered)
Armour
 b - a +0 leather armour (worn)
 c - a +0 hat (worn)
 e - a +0 cloak (worn)
Scrolls
 g - a scroll of torment {unknown}
Potions
 f - a potion of mutation {unknown}


   Skills:
 + Level 2.9 Fighting
 + Level 4.0 Axes
 + Level 2.3 Throwing
 + Level 1.2 Armour
 + Level 3.6 Dodging


You had 2 spell levels left.
You didn't know any spells.
Your spell library contained the following spells:

 Spells                   Type           Power      Damage    Failure   Level
 Tukima's Dance           Hex            0%         N/A       88%         3
 Passage of Golubria      Tloc           N/A        N/A       99%         4
 Yara's Violent Unravell  Hex/Tmut       0%         3d3       100%        5


Dungeon Overview and Level Annotations

Branches:
Dungeon (2/15)

Altars:

Annotations:
D:2 Natasha


Innate Abilities, Weirdness & Mutations

You have a pair of horns on your head.
You reflexively headbutt those who attack you in melee.


Message History

A gnoll comes into view. It is wielding a +0 spear.
You slash the gnoll!
The gnoll is almost dead.
You hear a shout!
The gnoll hits you with a +0 spear.
A gnoll comes into view. It is wielding a +0 halberd.
The gnoll misses you.
You slash the gnoll!
You kill the gnoll!
A gnoll comes into view. It is wielding a +1 whip of venom.
The gnoll hits you from afar with a +0 halberd.
Your Axes skill increases to level 4!
You have reached level 3!
Your experience leads to an increase in your attributes!
Increase (S)trength, (I)ntelligence, or (D)exterity?
You feel stronger.
A frilled lizard comes into view.
The gnoll shouts!
A kobold comes into view. It is wielding a +0 short sword.
The frilled lizard hisses angrily.
The kobold shouts!
The gnoll hits you from afar with a +0 halberd.
The gnoll misses you.
You swing at nothing.
The gnoll completely misses you.
The gnoll hits you with a +1 whip of venom.
You are poisoned.
The gnoll barely misses you.
You feel sick. The gnoll closely misses you. You furiously retaliate!
You headbutt the gnoll. The gnoll closely misses you.
You feel sick. The gnoll misses you. The gnoll closely misses you.
You feel sick.
You feel sick.
You feel sick.
You feel sick.
You see here a +0 spear.
You feel sick.
You feel sick.
You are no longer poisoned.
There is a stone staircase leading up here.
The gnoll hits you with a +1 whip of venom!
You die...

#.......# #.......#
#.......# ########
#.......# #......#
#.......#
####......####.......#
.....(....##.........#
#######...)..#.g@....######
...........K.g.............
#.....#..#l##......†.#.....
#....#.#..##.######..###..
#..#..l.....# #.... .
##....#..### #>....
.###.....#...# .....
#..#.....##..# .....
....#...## ...# .#..


You could see 2 gnolls, a kobold and a frilled lizard.

Vanquished Creatures
  A gnoll (D:2)
  A dart slug (D:2)
  A ball python (D:1)
  3 endoplasms
  2 giant cockroaches
  3 goblins
  2 kobolds (D:1)
  2 bats
  A frilled lizard (D:1)
  3 rats (D:1)
19 creatures vanquished.

Notes
Turn   | Place    | Note
-------+----------+-------------------------------------------
     0 | D:1      | voltaire321 the Minotaur Gladiator began the quest for the
                  | Orb.
     0 | D:1      | Reached XP level 1. HP: 18/18 MP: 0/0
   241 | D:1      | Reached XP level 2. HP: 24/25 MP: 1/1
   391 | D:1      | Found a faded altar of an unknown god.
   558 | D:2      | Noticed Natasha
   608 | D:2      | Reached skill level 1 in Armour
   695 | D:2      | Reached skill level 4 in Axes
   695 | D:2      | Reached XP level 3. HP: 20/30 MP: 2/2
   719 | D:2      | Slain by a gnoll

Illustrated notes

Levels and vault maps discovered:
D:1:      dpeg_arrival_simpleton_c, layout_rooms,
          dreamdust_ecumenical_altar_hidden_monk_grotto, lemuel_flame_loot_1
D:2:      layout_rooms, minmay_misc_feat_chi, uniq_natasha

Skill      XL: |  1  2 |
---------------+-------+-----
Armour         | 1 |  1.2
Axes           | 4 |  4.0
Fighting       | |  2.9
Throwing       | |  2.3
Dodging        | |  3.6

Action                   || total
-------------------------++-------
Melee: War axe           ||    34
       Headbutt          ||     5
 Stab: Sleeping          ||     1
Armor: Leather armour    ||    10
Dodge: Dodged            ||    29

Table legend: (Time is in decaauts)
 A = Elapsed time spent in this place.
 B = Non-inter-level travel time spent in this place.
 C = Inter-level travel time spent in this place.
 D = Time resting spent in this place.
 E = Time spent auto-exploring this place.
 F = Levels seen in this place.
 G = Mean time per level.
                   A        B        C        D        E       F      G
               +--------+--------+--------+--------+--------+-----+--------+
         Total |    730 |    698 |     32 |    149 |    371 |   2 |  365.0 |
       Dungeon |    730 |    698 |     32 |    149 |    371 |   2 |  365.0 |
               +--------+--------+--------+--------+--------+-----+--------+

Top non-repeatable levels by time:
     D:1: 601 daAuts
     D:2: 129 daAuts
